 Dungeon Crawl Stone Soup version 0.29.1-1-gd02db6906a (webtiles) character file.

Game seed: 11083541594899414550

1 MuMoEnjoyer the Magician (level 1, 13/13 HPs)
             Began as a Mummy Fire Elementalist on Oct 17, 2022.
             Quit the game on level 1 of the Dungeon.
             The game lasted 00:00:49 (49 turns).

MuMoEnjoyer the Magician (Mummy Fire Elementalist)    Turns: 49, Time: 00:00:50

Health: 13/13      AC:  2    Str: 11    XL:     1   Next: 16%
Magic:  4/4        EV: 12    Int: 14    God:
Gold:   10         SH:  0    Dex: 12    Spells: 4/5 levels left

rFire   x . .      SeeInvis .   (no weapon)
rCold   + . .      Faith    .   (no shield)
rNeg    + + +      Spirit   .   a - +0 robe
rPois   ∞          Reflect  .   (no helmet)
rElec   .          Harm     .   (no cloak)
rCorr   .          Rampage  .   (no gloves)
Will    .....                   (no boots)
Stlth   ++........              (no amulet)
HPRegen 0.04/turn               (no ring)
MPRegen 0.09/turn               (no ring)

@: no status effects
A: cold resistance 1, negative energy resistance 3, torment resistance 2, heat
vulnerability 1, no potions
a: no special abilities


You were on level 1 of the Dungeon.
You visited 1 branch of the dungeon, and saw 1 of its levels.

You collected 10 gold pieces.

Inventory:

Armour
 a - a +0 robe (worn)
Scrolls
 b - a scroll of summoning {unknown}


   Skills:
 + Level 1.5 Dodging
 + Level 1.6 Stealth
 + Level 2.7 Spellcasting
 + Level 0.7 Conjurations
 + Level 2.4 Fire Magic


You had 4 spell levels left.
You knew the following spells:

 Your Spells              Type           Power      Damage    Failure   Level
a - Foxfire               Conj/Fire      24%        2x1d5     12%         1

Your spell library contained the following spells:

 Spells                   Type           Power      Damage    Failure   Level
 Scorch                   Fire           16%        2d6       12%         2
 Conjure Flame            Conj/Fire      6%         6-21      34%         3
 Inner Flame              Hex/Fire       5%         N/A       38%         3
 Flame Wave               Conj/Fire      6%         2d5       75%         4


Dungeon Overview and Level Annotations

Branches:
Dungeon (1/15)

Altars:


Innate Abilities, Weirdness & Mutations

You are immune to poison.
Your flesh is cold resistant. (rC+)
You are immune to negative energy. (rN+++)
You are immune to unholy pain and torment.
You are vulnerable to heat. (rF-)
You do not drink.


Message History

Welcome, MuMoEnjoyer the Mummy Fire Elementalist.
A smirking vizier told you that the Orb of Zot is just within this dungeon.
Press ? for a list of commands and other information.
Found a scroll labelled UKYTAIMIHE, an emerald potion and 5 poisoned darts.
Found a staircase leading out of the dungeon.
You enter the shallow water.
Moving in this stuff is going to be slow.
b - a scroll labelled UKYTAIMIHE
As you read the scroll labelled UKYTAIMIHE, it crumbles to dust.
It is a scroll of identify.
You don't have any unidentified items.
You enter the shallow water.
Moving in this stuff is going to be slow.
b - a scroll labelled SOKHURCHYVVI A bat comes into view.
Found 10 gold pieces.
A bat is nearby!
Casting: Foxfire (safe; 12% risk of failure)
Press: ? - help, Q - select action Dir - look around, f - activate You conjure some foxfire!
A bat is nearby!
Found a club.
The foxfire hits the bat.
The bat is heavily wounded.
The foxfire hits the bat.
You kill the bat!
Magic restored.
You see here a +1 vampiric short sword.
You now have 10 gold pieces.
Found a stone staircase leading down.
Welcome back, MuMoEnjoyer the Mummy Fire Elementalist.
Press ? for a list of commands and other information.
Are you sure you want to abandon this character and quit the game? (Confirm with "yes".)

# #................##
...###.................#
.......................#
)....#.................#
.### #.................#
.. ##..........#...#.#
#.##~.............## #
#.#.~#######..#.#.#
.#.#.~# #...#@#...
.#.#.~# #.#..........
.#.#.~# #..#..........
.#.#.~# #.##..........
.#...~# #. #.#........
.#.~~~# ...........
.#.~.#.... #..#.#...##.
...~.#...# #..#...>..
.~~~.#...#


There were no monsters in sight!

Vanquished Creatures
  A bat (D:1)
1 creature vanquished.

Vanquished Creatures (others)
  2 foxfires (D:1)
2 creatures vanquished.

Grand Total: 3 creatures vanquished

Notes
Turn   | Place    | Note
-------+----------+-------------------------------------------
     0 | D:1      | MuMoEnjoyer the Mummy Fire Elementalist began the quest for
                  | the Orb.
     0 | D:1      | Reached XP level 1. HP: 13/13 MP: 4/4
    49 | D:1      | Quit the game

Illustrated notes

Levels and vault maps discovered:
D:1:      psy_arrival_radial02, layout_rooms,
          dreamdust_ecumenical_altar_drowned_temple

Action                   || total
-------------------------++-------
 Cast: Foxfire           ||     1
  Use: Scroll            ||     1
